 Dungeon Crawl Stone Soup version 0.27-a0-819-g058290f16d (webtiles) character file.

Game seed: 5078608974828915207

5826 robertstho the Thaumaturge (level 10, -9/70 HPs)
             Began as a Djinni Ice Elementalist on Mar 29, 2021.
             Was an Initiate of Gozag.
             Mangled by a two-headed ogre
             ... wielding a +0 giant club
              (26 damage)
             ... on level 10 of the Dungeon.
             The game lasted 00:19:44 (15122 turns).

robertstho the Thaumaturge (DjIE)                  Turns: 15122, Time: 00:19:45

Health: -9/70      AC: 18    Str:  7    XL:     10   Next: 80%
Gold:   1203       EV: 13    Int: 21    God:    Gozag SH:  0 Dex: 13

rFire    + + +     SeeInvis .   f - +0 short sword (venom)
rCold    x x .     Faith    .   (no shield)
rNeg     . . .     Spirit   .   a - +0 robe
rPois    ∞         Reflect  .   (no helmet)
rElec    .         Harm     .   j - scarf {+Inv}
rCorr    .         Rampage  .   h - +2 pair of gloves
Will     +....                  (boots unavailable)
Stlth    ++........             (no amulet)
HPRegen  0.21/turn              c - ring of fire
MPRegen  0.00/turn              l - +4 ring of protection

@: ice-armoured, gold aura, frozen ramparts, flying
A: fire resistance 2, cold vulnerability 1, float, innate caster, hp casting,
extra vitality 1
a: Renounce Religion, Evoke Invisibility, Potion Petition, Call Merchant, Bribe
Branch


You were on level 10 of the Dungeon.
You worshipped Gozag.
Gozag was most pleased with you.
You visited 2 branches of the dungeon, and saw 11 of its levels.

You collected 1742 gold pieces.
You spent 435 gold pieces at shops.
You paid 104 gold pieces to Gozag.

Inventory:

Hand Weapons
 d - a +0 spectral flail
 f - a +0 short sword of venom (weapon)
 G - a +1 whip of electrocution
Armour
 a - a +0 robe (worn)
 b - the +2 robe "Yceacaad" {Harm rF++ Int+4}
   (You found it on level 6 of the Dungeon)

   It affects your intelligence (+4).
   It greatly protects you from fire.
   It increases damage dealt and taken.
 h - a +2 pair of gloves (worn)
 j - a scarf of invisibility (worn)
Jewellery
 c - a ring of fire (left hand)
 l - a +4 ring of protection (right hand)
Wands
 i - a wand of acid (5)
 n - a wand of charming (10)
 r - a wand of iceblast (9)
 t - a wand of paralysis (10)
 A - a wand of flame (6)
Scrolls
 o - 3 scrolls of teleportation {unknown}
 s - a scroll of vulnerability
 x - a scroll of enchant armour
 z - a scroll of immolation
 B - a scroll of fear
 C - a scroll of blinking
 D - a scroll of identify
 F - a scroll of silence
 H - a scroll of fog
Potions
 e - 2 potions of lignification
 g - 2 potions of curing
 k - a potion of cancellation
 m - 3 potions of flight {unknown}
 p - 2 potions of might
 q - 4 potions of brilliance
 u - a potion of magic
 v - 2 potions of degeneration
 w - a potion of resistance
 E - a potion of invisibility
Miscellaneous
 y - a condenser vane (inert)


   Skills:
 * Level 5.3 Fighting
 + Level 1.6 Short Blades
 + Level 1.0 Maces & Flails
 + Level 3.9 Dodging
 + Level 3.8 Stealth
 + Level 0.2 Unarmed Combat
 * Level 11.9 Spellcasting
 + Level 0.3 Evocations


You had 8 spell levels left.
You knew the following spells:

 Your Spells              Type           Power      Damage    Failure   Level
a - Freeze                Ice            100%       1d11      1%          1
b - Frozen Ramparts       Ice            100%       1d12      1%          3
c - Ozocubu's Armour      Ice            58%        N/A       1%          3
d - Hailstorm             Conj/Ice       58%        3d13      1%          4
e - Summon Ice Beast      Ice/Summ       58%        N/A       1%          4
f - Beastly Appendage     Tmut           100%       N/A       1%          1
g - Swiftness             Air            58%        N/A       1%          2
h - Portal Projectile     Hex/Tloc       100%       N/A       1%          3
i - Lesser Beckoning      Tloc           29%        N/A       1%          3
Your spell library was empty.

Dungeon Overview and Level Annotations

Branches:
Dungeon (10/15)            Temple (1/1) D:5            Lair (0/6) D:9
    Orc: D:9-12

Altars:
Ashenzari
Cheibriados
Dithmenos
Elyvilon
Fedhas
Gozag
Hepliaklqana
Kikubaaqudgha
Makhleb
Nemelex Xobeh
Okawaru
Ru
Sif Muna
Trog
Vehumet
Wu Jian
Xom
Yredelemnul
Zin
The Shining One

Shops:
D:1 :   D:4 :   D:5 !   D:10 (

Annotations:
D:4 3 runed translucent doors, Atlas's ghost, amateur DjAE


Innate Abilities, Weirdness & Mutations

You are immune to poison.
Your flesh is very heat resistant. (rF++)
You are vulnerable to cold. (rC-)
You float through the air rather than walking.
You learn spells naturally, not from books.
Your magical power is your life essence.
You have superior vitality. (+4 HP)


Message History

Your ice beast dies!
Casting: Hailstorm (safe; 1% risk of failure)
Confirm with . or Enter, or press ? or * to list all spells.
Casting: Frozen Ramparts (safe; 1% risk of failure)
Press: ? - help, Dir - look around, f - activate The walls around you are covered in ice.
The wall freezes the two-headed ogre!
The wall freezes the killer bee.
Unknown command.
Casting: Frozen Ramparts (safe; 1% risk of failure)
Confirm with . or Enter, or press ? or * to list all spells.
A film of ice covers your body!
The wall freezes the killer bee.
The wall freezes the two-headed ogre.
The two-headed ogre closely misses you. x2
The wall freezes the killer bee.
Unknown command.
Casting: Ozocubu's Armour (safe; 1% risk of failure)
Confirm with . or Enter, or press ? or * to list all spells.
Casting: Hailstorm (safe; 1% risk of failure)
Press: ? - help, Dir - look around, f - activate A cannonade of hail descends around you!
The hail pelts the killer bee!
You kill the killer bee!
The hail pelts the yak!!
The yak is heavily wounded.
The wall freezes the two-headed ogre!
The two-headed ogre hits you with a +0 giant club!
The two-headed ogre closely misses you.
The wall freezes the yak.
Unknown command.
Casting: Hailstorm (safe; 1% risk of failure)
Confirm with . or Enter, or press ? or * to list all spells.
Aiming: Freeze (safe; 1% risk of failure)
Press: ? - help, Shift-Dir - straight line, f - two-headed ogre
Aim: a two-headed ogre, wielding two +0 giant clubs (severely wounded)
You freeze the two-headed ogre!
The two-headed ogre is severely wounded.
The wall freezes the yak.
The wall freezes the two-headed ogre.
The two-headed ogre hits you with a +0 giant club!
* * * LOW HITPOINT WARNING * * *
The two-headed ogre hits you with a +0 giant club!!
You die...
Your body crumbles into a pile of gold.

..........# ..........#
..........# ..........#
..........# ..........#
..........########
.................#######
................@......#
...........#####O#####..#
.##.......## ##Y......#
.##.......#!YYYZ'.####..#
.##.......#ZYT..### $
.##.......#.W.$"
.##.......##O[) $
.##........####
.##.........


You could see a two-headed ogre and a yak.

Vanquished Creatures
  A two-headed ogre (D:10)
  A kobold demonologist (D:10)
  A meliai zombie (D:10)
  2 wyverns
  4 yaks (D:10)
  A sky beast (D:5)
  3 orc warriors
  A black bear (D:9)
  An ogre (D:5)
  A centaur (D:10)
  2 wolves (D:9)
  A kobold brigand (D:5)
  2 bullfrogs (D:8)
  A gnoll sergeant (D:6)
  2 scorpions
  8 killer bees
  3 howler monkeys
  A hound (D:5)
  2 jellies
  3 orc priests
  5 orc wizards
  A hound skeleton (D:4)
  14 gnolls
  5 adders
  2 white imps
  An ufetubus (D:6)
  An adder skeleton (D:4)
  5 dart slugs
  14 orcs
  2 bats
  An endoplasm (D:3)
  4 goblins
  6 hobgoblins
  5 jackals (D:2)
  2 ball pythons (D:2)
  A frilled lizard (D:3)
  27 kobolds
  2 rats
  A spectral hobgoblin (D:8)
140 creatures vanquished.

Vanquished Creatures (collateral kills)
  4 yaks (D:10)
  A basilisk (D:9)
  A wyvern (D:9)
  4 vampire mosquitoes (D:8)
  A water moccasin (D:9)
  2 orc warriors
  A black bear (D:9)
  2 ogres
  A necrophage (D:4)
  A wolf (D:9)
  A kobold brigand (D:9)
  Blork the orc (D:5)
  A bullfrog (D:6)
  A gnoll sergeant (D:10)
  2 scorpions (D:9)
  2 killer bees (D:7)
  3 howler monkeys
  3 centaur zombies
  A jelly (D:6)
  2 orc priests
  An iguana (D:5)
  An orc wizard (D:7)
  6 gnolls
  A white imp (D:7)
  An ufetubus (D:5)
  14 orcs
  A ball python (D:4)
  3 hobgoblins (D:5)
  22 kobolds
85 creatures vanquished.

Vanquished Creatures (others)
  3 fungi (D:9)
  23 plants (D:9)
26 creatures vanquished.

Grand Total: 251 creatures vanquished

Notes
Turn   | Place    | Note
-------+----------+-------------------------------------------
     0 | D:1      | robertstho the Djinni Ice Elementalist began the quest for
                  | the Orb.
     0 | D:1      | Reached XP level 1. HP: 15/15 MP: 0/0
   734 | D:1      | Found Bustribet's Book Boutique.
  1148 | D:1      | Reached XP level 2. HP: 12/22 MP: 0/0
  1651 | D:2      | Reached skill level 4 in Spellcasting
  1655 | D:2      | Reached XP level 3. HP: 19/26 MP: 0/0
  1655 | D:2      | Learned a level 1 spell: Beastly Appendage
  1948 | D:2      | You are sucked into a shaft and drop 1 floor!
  1999 | D:3      | Reached skill level 1 in Fighting
  2007 | D:3      | Reached XP level 4. HP: 13/32 MP: 0/0
  2236 | D:3      | Found a burning altar of Makhleb.
  3099 | D:3      | Reached skill level 5 in Spellcasting
  3099 | D:3      | Reached XP level 5. HP: 17/37 MP: 0/0
  3099 | D:3      | Learned a level 2 spell: Swiftness
  3901 | D:4      | Found a runed translucent gate.
  3901 | D:4      | Found a runed translucent gate.
  3901 | D:4      | Found a runed translucent gate.
  3903 | D:4      | Noticed Atlas's ghost (amateur DjAE)
  3947 | D:4      | Noticed a necrophage
  4002 | D:4      | Killed a necrophage
  4522 | D:4      | Noticed an ogre
  4529 | D:4      | Killed an ogre
  4530 | D:4      | Reached XP level 6. HP: 30/42 MP: 0/0
  4712 | D:4      | Found Xutzics's Book Shoppe.
  4922 | D:5      | Entered Level 5 of the Dungeon
  4927 | D:5      | Found a staircase to the Ecumenical Temple.
  4996 | Temple   | Entered the Ecumenical Temple
  5056 | Temple   | Became a worshipper of Gozag Ym Sagoz the Greedy
  5479 | D:5      | Reached skill level 6 in Spellcasting
  5815 | D:5      | Reached XP level 7. HP: 49/49 MP: 0/0
  5815 | D:5      | Learned a level 3 spell: Portal Projectile
  5894 | D:5      | Identified the amulet of the Trilobite {RegenMP rElec rPois
                  | MP-9 SInv}
  6161 | D:5      | Reached skill level 1 in Maces & Flails
  7019 | D:5      | Noticed Blork the orc
  7020 | D:5      | Found Putol's Distillery.
  7027 | D:5      | Killed Blork the orc
  7128 | D:5      | Bought a potion of lignification for 45 gold pieces
  7128 | D:5      | Bought a potion of magic for 120 gold pieces
  7128 | D:5      | Bought a potion of degeneration for 15 gold pieces
  7128 | D:5      | Bought a potion of brilliance for 60 gold pieces
  7128 | D:5      | Bought a potion of resistance for 150 gold pieces
  7128 | D:5      | Bought a potion of curing for 45 gold pieces
  7359 | D:6      | Reached skill level 7 in Spellcasting
  7361 | D:6      | Reached XP level 8. HP: 14/55 MP: 0/0
  7750 | D:6      | Identified the +2 robe "Yceacaad" {Harm rF++ Int+4}
  7832 | D:6      | Found an iron altar of Okawaru.
  7977 | D:6      | Reached skill level 1 in Short Blades
  8492 | D:6      | Reached skill level 8 in Spellcasting
 10045 | D:7      | Found a blossoming altar of Fedhas.
 10054 | D:7      | Reached XP level 9. HP: 45/61 MP: 0/0
 10054 | D:7      | Learned a level 3 spell: Lesser Beckoning
 10057 | D:7      | Reached skill level 9 in Spellcasting
 11504 | D:8      | Found a bloodstained altar of Trog.
 11506 | D:8      | Found a broken altar of Ashenzari.
 11506 | D:8      | Found a basalt altar of Yredelemnul.
 11508 | D:8      | Found a snail-covered altar of Cheibriados.
 11508 | D:8      | Found a sacrificial altar of Ru.
 11704 | D:8      | Found a hazy altar of Hepliaklqana.
 11755 | D:8      | Found a glowing silver altar of Zin.
 11827 | D:8      | Found a glowing golden altar of the Shining One.
 12730 | D:9      | Reached skill level 10 in Spellcasting
 13096 | D:9      | Found a staircase to the Lair.
 13143 | D:9      | Reached XP level 10. HP: 19/69 MP: 0/0
 13666 | D:10     | Entered Level 10 of the Dungeon
 13756 | D:10     | Noticed a kobold demonologist
 13766 | D:10     | Killed a kobold demonologist
 13767 | D:10     | Reached skill level 11 in Spellcasting
 14091 | D:10     | Noticed a two-headed ogre
 14091 | D:10     | Noticed a two-headed ogre
 14546 | D:10     | Noticed a two-headed ogre
 14555 | D:10     | Killed a two-headed ogre
 14556 | D:10     | Reached skill level 5 in Fighting
 14895 | D:10     | Found Qyosel's Weapon Shop.
 15106 | D:10     | Noticed a two-headed ogre
 15122 | D:10     | Mangled by a two-headed ogre

Illustrated notes

Levels and vault maps discovered:
D:1:      lightli_arrival_statuegarden, layout_loops_corners, serial_shops,
          nicolae_shop_stone, minmay_bisected
D:2:      layout_basic, dancing_weapons_uskayaw, grunt_qazlal_clouds,
          minmay_hexomino_u4, uniq_sigmund
D:3:      layout_loops_ring, bloody_makhleb
D:4:      layout_loops_ring, serial_shops, kennysheep_mini_moat,
          gammafunk_ghost_necromancy
D:5:      minmay_goblin_kobold_castle, layout_basic,
          minmay_temple_entry_slanted, serial_shops, nicolae_shop_waterfront,
          bh_walls_and_bars, uniq_blork_the_orc
D:6:      layout_layer_cave, okawaru_ov_weapons_minmay,
          minmay_misc_feat_secret_circle
D:7:      layout_basic, lemuel_doored_altar, serial_corexii_hall,
          corexii_hall_statues_u, corexii_hall_statues_u
D:8:      layout_basic, nicolae_hepliaklqana_monster_ancestors, zin_scriptorium,
          grunt_temple_overflow_open, minmay_misc_feat_doors,
          nicolae_tso_swordbearing_angel
D:9:      layout_long_grid, minmay_lair_entry_grove
D:10:     layout_basic, serial_shops, nicolae_shop_competitors_out_of_business,
          minmay_joined_circles
Temple:   dpeg_three_leaves_temple

Skill      XL: |  1  2  3  4  5  6  7  8  9 10 |
---------------+-------------------------------+-----
Spellcasting   | 4 5 6 7 8 10 11 | 11.9
Fighting       | 1 2 3 4 5 |  5.3
Stealth        | 2 3 |  3.8
Dodging        | 3 |  3.9
Maces & Flails | 1 |  1.0
Short Blades   | 1 |  1.6
Unarmed Combat | |  0.2
Evocations     | |  0.3

Action                   |  1- 3 |  4- 6 |  7- 9 | 10-12 || total
-------------------------+-------+-------+-------+-------++-------
Melee: Unarmed           |    26 |       |       |       ||    26
       Flail             |       |    53 |       |       ||    53
       Short sword       |       |    25 |    50 |    23 ||    98
 Cast: Freeze            |    30 |     2 |    12 |     3 ||    47
       Frozen Ramparts   |     2 |    14 |    19 |     8 ||    43
       Summon Ice Beast  |       |    17 |    56 |    12 ||    85
       Hailstorm         |       |     1 |    35 |    23 ||    59
       Ozocubu's Armour  |       |       |     5 |     2 ||     7
Evoke: Wand              |       |       |     2 |     2 ||     4
       Condenser vane    |       |       |       |     1 ||     1
  Use: Potion            |     1 |     1 |     3 |       ||     5
       Scroll            |       |     2 |    13 |       ||    15
 Stab: Sleeping          |     1 |     1 |     3 |       ||     5
Armor: Robe              |    15 |    26 |    28 |    15 ||    84
Dodge: Dodged            |    38 |    81 |    59 |    30 ||   208

Table legend: (Time is in decaauts)
 A = Elapsed time spent in this place.
 B = Non-inter-level travel time spent in this place.
 C = Inter-level travel time spent in this place.
 D = Time resting spent in this place.
 E = Time spent auto-exploring this place.
 F = Levels seen in this place.
 G = Mean time per level.
                   A        B        C        D        E       F      G
               +--------+--------+--------+--------+--------+-----+--------+
         Total |  15146 |  14757 |    389 |   1722 |  11449 |  11 | 1376.9 |
       Dungeon |  15076 |  14697 |    379 |   1722 |  11394 |  10 | 1507.6 |
        Temple |     69 |     60 |      9 |      0 |     55 |   1 |   69.0 |
               +--------+--------+--------+--------+--------+-----+--------+

Top non-repeatable levels by time:
     D:5: 2702 daAuts
     D:7: 1703 daAuts
     D:6: 1583 daAuts
     D:3: 1575 daAuts
     D:9: 1510 daAuts
    D:10: 1456 daAuts
     D:4: 1418 daAuts
     D:1: 1365 daAuts
     D:8: 1179 daAuts
     D:2: 582 daAuts
  Temple: 69 daAuts
